 Dungeon Crawl Stone Soup version 0.17.1-2-g5865329 (webtiles) character file.

207 Jerry the Charlatan (level 5, -1/36 HPs)
             Began as an Octopode Artificer on Jan 25, 2016.
             Slain by an orc
             ... wielding a +0 whip
              (6 damage)
             ... on level 3 of the Dungeon.
             The game lasted 00:18:05 (2711 turns).

Jerry the Charlatan (Octopode Artificer)            Turns: 2711, Time: 00:18:05

Health: -1/36      AC:  1    Str: 10    XL:     5   Next: 85%
Magic:  8/8        EV: 13    Int: 15    God:
Gold:   106        SH:  0    Dex: 13    Spells: 0 memorised, 4 levels left

rFire  . . .     SeeInvis .     i - +0 whip (vamp)
rCold  . . .     Clarity  .     (no shield)
rNeg   . . .     SustAt   .     (helmet restricted)
rPois  .         Gourm    .     (no amulet)
rElec  .         Spirit   .     (no ring)
rCorr  .         Warding  .     (no ring)
rMut   .         Stasis   .     (no ring)
MR     .....                    (no ring)
Stlth  +++.......               (no ring)
                                (no ring)
                                (no ring)
                                (no ring)

@: not resistant to hostile enchantments, fairly stealthy
A: almost no armour, amphibious, 8 rings, constrict 8, camouflage 1, gelatinous
body 1
a: no special abilities


You were on level 3 of the Dungeon.
You were not hungry.

You visited 1 branch of the dungeon, and saw 3 of its levels.

You collected 106 gold pieces.

Inventory:

Hand Weapons
 a - a +0 short sword
 i - a +0 vampiric whip (weapon)
 k - a +0 falchion
 m - a cursed -2 whip
Jewellery
 g - an uncursed ring of ice {unknown}
Wands
 b - a wand of flame (44)
 c - a wand of enslavement (15)
 d - a wand of random effects (6)
Scrolls
 p - a scroll of remove curse
Potions
 e - 2 potions of curing {unknown}
 j - a potion of invisibility {unknown}
 l - a potion of haste {unknown}
Comestibles
 h - a meat ration
 o - 3 slices of pizza


   Skills:
 + Level 2.8 Fighting
 - Level 1.0(1.1) Short Blades
 - Level 0.8(1.1) Long Blades
 + Level 1.7 Maces & Flails
 + Level 3.2 Dodging
 - Level 3.0 Stealth
 + Level 4.2 Evocations


You had 4 spell levels left.
You didn't know any spells.

Dungeon Overview and Level Annotations

Branches:
Dungeon (3/15)

Altars:


Innate Abilities, Weirdness & Mutations

You cannot wear most types of armour.
You are amphibious.
You can wear up to eight rings at the same time.
You can use your tentacles to constrict eight enemies at once.
Your skin changes colour to match your surroundings (Stealth).
Your rubbery body absorbs attacks (AC +1).


Message History

You constrict Terence. Terence misses you.
You hit Terence but do no damage.
Terence is severely wounded.
You constrict Terence, but do no damage.
Terence hits you with a mace!
You hit Terence but do no damage.
Terence is severely wounded.
You constrict Terence, but do no damage.
Terence hits you with a mace.
You hit Terence.
Terence is severely wounded.
You constrict Terence. Terence hits you with a mace.
* * * LOW HITPOINT WARNING * * *
You hit Terence but do no damage.
Terence is almost dead.
You constrict Terence.
You kill Terence!
You barely miss the orc. You grab the orc. You constrict the orc.
The orc hits you with a whip.
You die...

#.s........##.......÷..<.....
#..........############.####
#..o.......# #..........#
#..........# #..........#
#......†...#
#........(.#######
#.....(.(.(o@....#
#........(.#####.#
############


You could see an orc.

Vanquished Creatures
  Terence (D:3)
  An orc wizard (D:3)
  Robin (D:2)
  3 gnolls (D:2)
  4 adders
  A worm (D:2)
  2 giant geckos
  10 orcs (D:3)
  A ball python (D:1)
  4 giant cockroaches
  6 goblins
  8 hobgoblins
  6 jackals
  2 kobolds (D:2)
  A quokka (D:2)
  6 bats
  A giant newt (D:1)
  5 rats
63 creatures vanquished.

Vanquished Creatures (others)
  5 toadstools (D:1)
5 creatures vanquished.

Grand Total: 68 creatures vanquished

Notes
Turn   | Place    | Note
--------------------------------------------------------------
     0 | D:1      | Jerry the Octopode Artificer began the quest for the Orb.
     0 | D:1      | Reached XP level 1. HP: 13/13 MP: 3/3
   319 | D:1      | Reached XP level 2. HP: 16/18 MP: 4/4
   848 | D:2      | Reached XP level 3. HP: 16/23 MP: 5/5
  1657 | D:2      | Reached XP level 4. HP: 29/29 MP: 6/6
  2039 | D:2      | Reached skill level 4 in Evocations
  2098 | D:2      | Noticed Robin
  2103 | D:2      | Killed Robin
  2119 | D:2      | Reached XP level 5. HP: 34/34 MP: 8/8
  2136 | D:2      | Reached skill level 1 in Maces & Flails
  2685 | D:3      | Noticed Terence
  2710 | D:3      | Killed Terence
  2711 | D:3      | Slain by an orc

Action                   |  1- 3 |  4- 6 || total
-------------------------+-------+-------++-------
Melee: Short sword       |    48 |       ||    48
       Falchion          |    18 |     3 ||    21
       Whip              |       |   108 ||   108
Evoke: Wand              |     9 |     4 ||    13
  Use: Scroll            |     3 |     3 ||     6
       Potion            |     1 |     1 ||     2
 Stab: Sleeping          |     7 |     2 ||     9
  Eat: Chunk             |     2 |     4 ||     6
       Bread ration      |       |     1 ||     1
